 Dungeon Crawl Stone Soup version 0.31-a0-174-g85c54bcb58 (webtiles) character file.

Game seed: 4864648766447043861

816 qw the Skirmisher (level 7, -2/44 HPs)
             Began as a Gargoyle Hunter on June 15, 2023.
             Slain by an orc
             ... wielding a +0 club
              (4 damage)
             ... on level 5 of the Dungeon.
             The game lasted 00:01:23 (2886 turns).

qw the Skirmisher (Gargoyle Hunter)                 Turns: 2886, Time: 00:01:24

Health: -2/44      AC:  7    Str: 13    XL:     7   Next: 94%
Magic:  7/7        EV: 17    Int:  9    God:
Gold:   224        SH:  0    Dex: 19    Spells: 6/6 levels left

rFire   . . .        o - +2 shortbow (heavy)
rCold   + . .        (shield currently unavailable)
rNeg    + . .        j - +0 leather armour {rC+}
rPois   inf          (no helmet)
rElec   +            (no cloak)
rCorr   .            (no gloves)
SInv    .            (no boots)
Will    .....        (no amulet)
Stlth   ++           n - +5 ring of evasion
HPRegen 0.27/turn    (no ring)
MPRegen 0.10/turn

%: no passive effects
@: no status effects
A: sickness immunity, AC +4, negative energy resistance 1, electricity
resistance, torment resistance 1, petrification resistance, talons 1, agile 1,
screaming 1
a: no special abilities


You were on level 5 of the Dungeon.
You visited 1 branch of the dungeon, and saw 7 of its levels.

You collected 276 gold pieces.
You spent 52 gold pieces at shops.


Innate Abilities, Weirdness & Mutations

You are immune to sickness and miasma.
Your stone body is resilient. (AC +4)
You are immune to poison.
You resist negative energy. (rN+)
You are resistant to electric shocks. (rElec)
You are resistant to unholy torment.
You are immune to petrification.
You have sharp toenails.
You are agile. (Dex +4, Str/Int -1)
You occasionally shout uncontrollably at your foes.


   Skills:
 - Level 5.1 Fighting
 + Level 8.2 Ranged Weapons
 - Level 1.0 Armour
 - Level 2.0 Dodging
 - Level 1.1 Stealth


You had 6 spell levels left.
You didn't know any spells.
Your spell library was empty.

Inventory:

Hand Weapons
 o - a +2 heavy shortbow (weapon)
Armour
 h - a +0 ring mail
 j - a +0 leather armour of cold resistance (worn)
Jewellery
 n - a +5 ring of evasion (left hand)
Scrolls
 g - a scroll of identify
Potions
 a - a potion of lignification
 c - 3 potions of mutation
 d - a potion of haste
 e - 2 potions of cancellation
 i - a potion of might {unknown}
 k - a potion of degeneration {unknown}
 l - a potion of curing

Dungeon Overview and Level Annotations

Branches:
Dungeon (7/15)
 Temple: D:4-7

Altars:
Kikubaaqudgha

Shops:
D:2 [


Message History

The orc warrior wields a +0 scimitar.
The orc warrior hits you with a +0 scimitar!
A water moccasin comes into view.
The adder bites you but does no damage. The white imp misses you.
You shoot an arrow. The arrow hits the orc warrior!
The orc warrior is heavily wounded.
The adder closely misses you. The white imp gestures at you.
The puff of frost hits you. You resist. The orc closely misses you.
The adder bites you but does no damage.
The orc warrior hits you with a +0 scimitar!
2883 ||| DRINKING potion of heal wounds.
You feel much better. The orc completely misses you.
The white imp closely misses you. The adder misses you.
The orc barely misses you.
The orc warrior hits you with a +0 scimitar.
You shoot an arrow. The arrow hits the orc warrior.
The orc warrior is heavily wounded.
The adder bites you but does no damage. The white imp barely misses you.
The orc misses you.
The orc priest looks satisfied for a moment.
The orc closely misses you. x2
The orc warrior hits you with a +0 scimitar!
The adder closely misses you. The orc hits you but does no damage.
The white imp gestures at you. The puff of frost misses you.
The puff of frost hits the orc.
The orc hits you with a +0 club. The orc barely misses you.
You shoot an arrow.
The arrow barely misses the orc warrior.
The water moccasin bites you but does no damage.
The adder bites you but does no damage. The white imp completely misses you.
The orc hits you but does no damage. The orc hits you with a +0 club.
The orc priest miscasts a cantrip.
The water moccasin closely misses you. The adder barely misses you.
You shoot an arrow. The arrow hits the orc warrior.
The orc warrior is severely wounded.
The water moccasin bites you. The adder misses you. The white imp misses you.
The orc misses you. The orc hits you but does no damage.
The orc hits you with a +0 club.
You die...

#. #$ .
#.##.#. ......
....##
##....######
###...........
#....ooo..#
#....o@So.#
#..?..5S..#
###.....###
##...## #...#
#...# #...#
.....


You could see an orc warrior, a water moccasin, an orc priest, an adder, a white
imp and 3 orcs.

Vanquished Creatures
  An ice beast (D:6)
  A black bear (D:6)
  A centaur (D:6)
  2 scorpions (D:6)
  A hound (D:6)
  An orc priest (D:4)
  A sleepcap (D:6)
  2 iguanas (D:6)
  Natasha (twice) (D:2)
  Terence (D:2)
  3 orc wizards
  7 adders
  2 worms
  A dart slug (D:4)
  13 orcs
  4 endoplasms (D:1)
  4 goblins
  2 hobgoblins
  3 quokkas
  9 ball pythons
  9 bats
  4 frilled lizards
  7 kobolds
  8 rats
89 creatures vanquished.

Notes
Turn   | Place    | Note
-------+----------+-------------------------------------------
     0 | D:1      | qw the Gargoyle Hunter began the quest for the Orb.
     0 | D:1      | Reached XP level 1. HP: 12/12 MP: 1/1
     0 | D:1      | 0 ||| qw: Version: 0.2-a-29-g511e9b1
     0 | D:1      | 0 ||| qw: Game counter: 5556
     0 | D:1      | 0 ||| qw: Always use a shield: true
     0 | D:1      | 0 ||| qw: God list: Okawaru
     0 | D:1      | 0 ||| qw: Allow faded altars: false
     0 | D:1      | 0 ||| qw: Do Orc after D:15 true
     0 | D:1      | 0 ||| qw: Do second Lair branch before Depths: true
     0 | D:1      | 0 ||| qw: Lair rune preference: random
     0 | D:1      | 0 ||| qw: Plans: Normal, Zot:1-4, Slime:5, God:TSO, Crypt,
                  | Tomb, Abyss, Pan, Hells, Win
     0 | D:1      | 0 ||| PLANNING D:1-11
   178 | D:1      | Reached XP level 2. HP: 17/17 MP: 2/2
   779 | D:1      | 779 ||| READING 2 scrolls labelled LUHACINORELLY.
   780 | D:1      | 780 ||| READING scroll labelled IRIEFFEYRE.
   781 | D:1      | 781 ||| DRINKING 2 clear potions.
   782 | D:1      | 782 ||| DROPPING scroll of poison.
   783 | D:1      | 783 ||| DROPPING scroll of butterflies.
   869 | D:2      | Reached XP level 3. HP: 19/21 MP: 3/3
   895 | D:2      | Reached skill level 5 in Ranged Weapons
   909 | D:2      | Noticed Natasha
   913 | D:2      | Killed Natasha
   914 | D:2      | Reached skill level 3 in Fighting
   926 | D:2      | Reached XP level 4. HP: 23/28 MP: 4/4
   971 | D:2      | Noticed Terence
   977 | D:2      | Killed Terence
  1030 | D:2      | Found Gizar's Armour Shoppe.
  1038 | D:2      | 1038 ||| SHOPLISTING +0 pair of boots of flying (149 gold,
                  | have 56).
  1038 | D:2      | 1038 ||| BUYING +0 ring mail (52 gold).
  1038 | D:2      | Bought a +0 ring mail for 52 gold pieces
  1139 | D:2      | 1139 ||| READING scroll of enchant weapon.
  1139 | D:2      | 1139 ||| ENCHANTING +1 shortbow.
  1148 | D:2      | Found a faded altar of an unknown god.
  1251 | D:2      | Noticed Natasha
  1253 | D:2      | Killed Natasha
  1254 | D:2      | Reached skill level 6 in Ranged Weapons
  1254 | D:2      | Reached XP level 5. HP: 32/32 MP: 5/5
  1272 | D:2      | 1272 ||| UPGRADING to +0 ring mail.
  1282 | D:2      | 1282 ||| DROPPING +0 leather armour.
  1283 | D:2      | 1283 ||| DROPPING amulet of magic regeneration.
  1284 | D:2      | 1284 ||| READING scroll labelled JAZATE OJEIWOAN.
  1285 | D:2      | 1285 ||| READING 2 scrolls labelled LATONGI XISEIFF.
  1286 | D:2      | 1286 ||| READING scroll labelled WENTUN VOZAUGA.
  1287 | D:2      | 1287 ||| READING scroll labelled POHAPT CAMPA.
  1288 | D:2      | 1288 ||| DRINKING 2 brown potions.
  1502 | D:3      | 1502 ||| DROPPING +0 sling of draining.
  1677 | D:3      | Reached skill level 1 in Armour
  1947 | D:3      | 1947 ||| UPGRADING to +0 leather armour of cold resistance.
  1957 | D:3      | 1957 ||| READING 2 scrolls labelled COEQOCVUAHIL.
  1958 | D:3      | 1958 ||| DRINKING 3 grey potions.
  1958 | D:3      | Gained mutation: You are agile. (Dex +4, Str/Int -1)
                  | [potion of mutation]
  1958 | D:3      | Gained mutation: You occasionally shout uncontrollably at
                  | your foes. [potion of mutation]
  1958 | D:3      | Gained mutation: You have sharp toenails. [potion of
                  | mutation]
  1959 | D:3      | 1959 ||| DROPPING scroll of fog.
  2170 | D:4      | Reached XP level 6. HP: 38/38 MP: 6/6
  2173 | D:4      | 2173 ||| FLEEEEING.
  2174 | D:4      | 2174 ||| FLEEEEING.
  2175 | D:4      | 2175 ||| FLEEEEING.
  2176 | D:4      | 2176 ||| FLEEEEING.
  2178 | D:4      | 2178 ||| FLEEEEING.
  2179 | D:4      | 2179 ||| FLEEEEING.
  2180 | D:4      | 2180 ||| FLEEEEING.
  2181 | D:4      | 2181 ||| FLEEEEING.
  2182 | D:4      | 2182 ||| FLEEEEING.
  2183 | D:4      | 2183 ||| FLEEEEING.
  2184 | D:4      | 2184 ||| FLEEEEING.
  2185 | D:4      | 2185 ||| FLEEEEING.
  2186 | D:4      | 2186 ||| FLEEEEING.
  2187 | D:4      | 2187 ||| FLEEEEING.
  2188 | D:4      | 2188 ||| FLEEEEING.
  2189 | D:4      | 2189 ||| FLEEEEING.
  2196 | D:4      | 2196 ||| STAIRDANCE
  2487 | D:4      | You fall into a shaft and drop 3 floors!
  2487 | D:7      | Found an ancient bone altar of Kikubaaqudgha.
  2493 | D:7      | Noticed a water moccasin
  2494 | D:7      | 2494 ||| FLEEEEING.
  2495 | D:7      | 2495 ||| FLEEEEING.
  2496 | D:7      | 2496 ||| FLEEEEING.
  2503 | D:7      | 2503 ||| STAIRDANCE
  2537 | D:6      | Reached skill level 7 in Ranged Weapons
  2545 | D:6      | Reached XP level 7. HP: 25/43 MP: 7/7
  2617 | D:6      | 2617 ||| DROPPING +1 sling of freezing.
  2720 | D:6      | 2720 ||| UPGRADING to +2 heavy shortbow.
  2721 | D:6      | 2721 ||| DROPPING +2 shortbow of flaming.
  2761 | D:6      | Reached skill level 8 in Ranged Weapons
  2837 | D:6      | 2837 ||| Stepping ~*~*~tactically~*~*~ (outnumbered).
  2865 | D:6      | 2865 ||| UPGRADING to +5 ring of evasion.
  2866 | D:6      | 2866 ||| READING scroll labelled EQIFI ZUIWNAVISAPN.
  2867 | D:6      | 2867 ||| DRINKING 2 coppery potions.
  2868 | D:6      | 2868 ||| READING 4 scrolls of identify.
  2868 | D:6      | 2868 ||| IDENTIFYING murky white potion
  2869 | D:6      | 2869 ||| READING 3 scrolls of identify.
  2869 | D:6      | 2869 ||| IDENTIFYING blue potion
  2870 | D:6      | 2870 ||| READING 2 scrolls of identify.
  2870 | D:6      | 2870 ||| IDENTIFYING puce potion
  2871 | D:6      | 2871 ||| DROPPING potion of berserk rage.
  2878 | D:5      | Entered Level 5 of the Dungeon
  2882 | D:5      | HP: 9/44 [orc warrior/+0 scimitar (11)]
  2883 | D:5      | 2883 ||| DRINKING potion of heal wounds.
  2886 | D:5      | HP: 2/44 [water moccasin (4)]
  2886 | D:5      | Slain by an orc

Levels and vault maps discovered:
D:1:      onia_arrival_handbag, layout_basic
D:2:      layout_rooms, serial_shops, nicolae_square_shop,
          shapermc_ecumenical_altar_pompeii, uniq_terence, uniq_natasha
D:3:      layout_basic
D:4:      layout_loops_ring, minmay_temple_entry_junction, supply_closet_lemuel
D:5:      layout_loops_cross, grunt_temple_overflow_gold_and_silver,
          minmay_chambers_of_fives
D:6:      layout_cave_pools
D:7:      layout_basic, mainiacjoe_overflow_concentric_impassable, uniq_joseph,
          uniq_pikel, uniq_prince_ribbit1, uniq_crazy_yiuf_cottage

Skill      XL: |  1  2  3  4  5  6  7 |
---------------+----------------------+-----
Ranged Weapons | 5 6 7 8 |  8.2
Fighting       | 3 4 5 |  5.1
Armour         | 1 |  1.0
Dodging        | 2 |  2.0
Stealth        | |  1.1

Action                     |  1- 3 |  4- 6 |  7- 9 || total
---------------------------+-------+-------+-------++-------
   Fire: Shortbow          |   117 |   146 |    38 ||   301
    Use: Scroll            |     2 |     6 |     4 ||    12
         Potion            |     1 |     2 |     2 ||     5
 Armour: Leather armour    |    23 |    29 |    19 ||    71
         Ring mail         |       |     1 |       ||     1
  Dodge: Dodged            |    37 |    49 |    30 ||   116

Table legend:
 A = Non-vault XP
 B = Vault XP
 C = Vault XP percentage of total XP
 D = Non-vault monster count
 E = Vault monster count
 F = Vault count percentage of total count
                 A         B        C        D         E       F
            +---------+---------+-------+---------+---------+-------
      Total |    1088 |      78 |   6.7 |      83 |       6 |   6.7
            +---------+---------+-------+---------+---------+-------
        D:1 |      25 |       6 |  19.4 |      19 |       4 |  17.4
        D:2 |      89 |      72 |  44.7 |      18 |       2 |  10.0
        D:3 |      27 |       0 |   0.0 |      12 |       0 |   0.0
        D:4 |     191 |       0 |   0.0 |      19 |       0 |   0.0
        D:5 |       6 |       0 |   0.0 |       2 |       0 |   0.0
        D:6 |     750 |       0 |   0.0 |      13 |       0 |   0.0
            +---------+---------+-------+---------+---------+-------
